 Dungeon Crawl Stone Soup version 0.29.1-2-gbd0b4ee654 (webtiles) character file.

Game seed: 15492371898252254507

54 styxcanada the Sneak (level 3, -4/18 HPs)
             Began as a Spriggan Brigand on Nov 4, 2022.
             Killed by nerve-wracking pain
             ... invoked by Jessica
              (9 damage)
             ... on level 2 of the Dungeon.
             The game lasted 00:05:25 (1228 turns).

styxcanada the Sneak (Spriggan Brigand)             Turns: 1228, Time: 00:05:26

Health: -4/18      AC:  7    Str:  7    XL:     3   Next: 66%
Magic:  4/4        EV: 16    Int: 12    God:
Gold:   62         SH:  0    Dex: 18    Spells: 2/2 levels left

rFire   . . .      SeeInvis +   a - +2 dagger
rCold   . . .      Faith    .   (no shield)
rNeg    . . .      Spirit   .   b - +0 robe
rPois   .          Reflect  .   (helmet restricted)
rElec   .          Harm     .   c - +0 cloak
rCorr   .          Rampage  .   (gloves unavailable)
Will    +....                   (boots unavailable)
Stlth   ++++......              (no amulet)
HPRegen 0.06/turn               i - +4 ring of protection
MPRegen 0.09/turn               l - ring of willpower

@: very quick
A: very small, no large weapons, unfitting armour, see invisible, speed 3
a: no special abilities


You were on level 2 of the Dungeon.
You visited 1 branch of the dungeon, and saw 2 of its levels.

You collected 62 gold pieces.

Inventory:

Hand Weapons
 a - a +2 dagger (weapon)
Missiles
 d - 6 poisoned darts (quivered)
 e - 3 curare-tipped darts
 g - 13 stones
Armour
 b - a +0 robe (worn)
 c - a +0 cloak (worn)
Jewellery
 i - a +4 ring of protection (left hand)
 l - a ring of willpower (right hand)
Scrolls
 f - a scroll of butterflies {unknown}
 h - 2 scrolls of blinking {unknown}
 k - a scroll of teleportation {unknown}
 o - a scroll of vulnerability {unknown}
 q - a scroll of torment {unknown}
 r - a scroll of identify {unknown}
Potions
 j - 2 potions of mutation {unknown}
 m - a potion of brilliance {unknown}
 n - a potion of curing {unknown}
 p - a potion of lignification {unknown}


   Skills:
 + Level 1.7 Fighting
 + Level 2.7 Short Blades
 + Level 2.5 Throwing
 + Level 1.5 Dodging
 + Level 7.1 Stealth


You had 2 spell levels left.
You didn't know any spells.
Your spell library contained the following spells:

 Spells                   Type           Power      Damage    Failure   Level
 Static Discharge         Conj/Air       0%         3-3/arc   45%         2
 Gell's Gravitas          Tloc           0%         N/A       69%         3
 Lesser Beckoning         Tloc           0%         N/A       69%         3
 Teleport Other           Tloc           0%         N/A       69%         3
 Lightning Bolt           Conj/Air       0%         1d11      100%        5
 Maxwell's Capacitive Co  Air            0%         ∞         100%        8


Dungeon Overview and Level Annotations

Branches:
Dungeon (2/15)

Altars:

Annotations:
D:2 Jessica


Innate Abilities, Weirdness & Mutations

You are very small and have problems with some larger weapons.
You are too small for most types of armour.
You have supernaturally acute eyesight. (SInv)
You cover ground extremely quickly. (Speed+++)


Message History

You barely miss the rat. The rat barely misses you.
You hit the rat.
You kill the rat!
You see here a rat corpse.
r - a scroll labelled COUPTE UPAEST You now have 62 gold pieces (gained 11).
Jessica shouts!
You see here a poisoned dart.
d - 9 poisoned darts (gained 1) Throw: 9 darts (poison)
Press: ? - help, Q - select action, (/) - cycle Shift-Dir - straight line, f - Jessica
Aim: Jessica, wielding a +0 club and wearing a +2 robe of fire resistance (62% to hit)
You throw a poisoned dart.
The poisoned dart barely misses Jessica.
Jessica mumbles some strange words.
Jessica seems to speed up.
Things that are here:
a +0 club; a goblin corpse Jessica gestures at you while chanting.
Pain shoots through your body!
Ouch! That really hurt!
* * * LOW HITPOINT WARNING * * *
Things that are here:
a +0 whip; a kobold corpse; an adder corpse Throw: 8 darts (poison)
Press: ? - help, Q - select action, (/) - cycle Shift-Dir - straight line, f/p - Jessica
Aim: Jessica, wielding a +0 club and wearing a +2 robe of fire resistance (fast, 62% to hit)
You throw a poisoned dart. The poisoned dart hits Jessica.
Jessica is poisoned.
Unknown command.
Throw: 7 darts (poison)
Press: ? - help, Q - select action, (/) - cycle Shift-Dir - straight line, f/p - Jessica
Aim: Jessica, wielding a +0 club and wearing a +2 robe of fire resistance (moderately wounded, fast, poisoned, 62% to hit)
You throw a poisoned dart. The poisoned dart hits Jessica.
Jessica looks even sicker.
Jessica is moderately wounded.
You see here an adder corpse.
Jessica casts a spell at you. Pain shoots through your body!
Ouch! That really hurt!
You die...

..#.....## .........#
## .[.....#'## ...
..........## ##.#
...##......## ... ...
#.......# ..#
#####.....#.# #.#
..........#.#####..##
...(.).(.....@†.@...#
.....#####..........#
....## #..........#
#.#.#########.....###
#........####.##>.#
....####.##.#.##..#
#...........#.##..#
.....###.##....#..#
..#..# #..#....#..##


You could see Jessica (fast, poisoned).

Vanquished Creatures
  2 adders (D:2)
  An orc (D:2)
  3 ball pythons (D:1)
  2 bats
  4 endoplasms
  3 giant cockroaches
  2 goblins
  A hobgoblin (D:1)
  8 kobolds
  A quokka (D:1)
  2 frilled lizards (D:2)
  5 rats
34 creatures vanquished.

Notes
Turn   | Place    | Note
-------+----------+-------------------------------------------
     0 | D:1      | styxcanada the Spriggan Brigand began the quest for the
                  | Orb.
     0 | D:1      | Reached XP level 1. HP: 10/10 MP: 2/2
    43 | D:1      | Reached skill level 6 in Stealth
   284 | D:1      | Reached XP level 2. HP: 15/15 MP: 3/3
   794 | D:1      | Found a faded altar of an unknown god.
   958 | D:2      | Reached XP level 3. HP: 18/18 MP: 4/4
  1075 | D:2      | Reached skill level 7 in Stealth
  1095 | D:2      | Noticed Jessica
  1228 | D:2      | Killed from afar by Jessica

Illustrated notes

Levels and vault maps discovered:
D:1:      onia_arrival_handbag, layout_rooms,
          hellmonk_ecumenical_altar_crossroads
D:2:      layout_basic, uniq_jessica

Skill      XL: |  1  2  3 |
---------------+----------+-----
Stealth        | 6 7 |  7.1
Fighting       | |  1.7
Short Blades   | |  2.7
Throwing       | |  2.5
Dodging        | |  1.5

Action                   || total
-------------------------++-------
Melee: Dagger            ||    53
       Punch             ||     1
Throw: Dart              ||    32
 Stab: Sleeping          ||    13
       Distracted        ||     1
Armor: Robe              ||    10
Dodge: Dodged            ||    28
